Map: 이페머론 - 래더

Players

lllllllllll (sOs)

  • Race: Protoss Protoss
  • League: Grandmaster
  • Spawn Location: 5:00

Astrea - Winner!

  • Race: Protoss Protoss
  • League: Grandmaster
  • Spawn Location: 11:00

VOD

Have the link to the VOD?

Description

Time

  • Played on: Jan. 8, 2020, 5:59 a.m.
  • Length: 6:49
Show
View Real Time Build Order
Export as new Build Order

lllllllllll Protoss 

Build Orders: Oracle Opening, Phoenix Opening 

Get SALT Encoding   

  12  0:00  Probe  
  13  0:13  Probe  
  14  0:17  Pylon  
  14  0:25  Probe (Chrono Boost)  
  15  0:37  Probe (Chrono Boost), Gateway  
  16  0:44  Probe (Chrono Boost)  
  16  0:46  Assimilator  
  17  0:51  Probe  
  17  0:54  Assimilator  
  18  1:03  Probe (Chrono Boost)  
  19  1:07  Gateway  
  19  1:12  Probe (Chrono Boost)  
  19  1:17  Probe (Chrono Boost)  
  21  1:25  Cybernetics Core  
  21  1:29  Probe  
  22  1:36  Pylon  
  22  1:41  Probe  
  23  1:54  Probe  
  24  2:02  Sentry, Stalker  
  24  2:03  Warp Gate  
  24  2:06  Probe  
  29  2:11  Pylon  
  29  2:22  Stargate  
  29  2:39  Phoenix  
  29  2:47  Nexus  
  29  2:50  Probe  
  30  2:58  Stalker  
  33  3:05  Oracle (Chrono Boost)  
  35  3:16  Pylon  
  35  3:21  Stalker  
  37  3:33  Probe  
  38  3:37  Oracle  
  41  3:45  Probe (Chrono Boost)  
  43  3:56  Probe (Chrono Boost), Robotics Facility  
  43  4:00  Probe (Chrono Boost)  
  43  4:01  Probe (Chrono Boost)  
  45  4:07  Adept  
  45  4:08  Adept  
  49  4:11  Probe (Chrono Boost)  
  49  4:12  Probe (Chrono Boost)  
  51  4:23  Probe (Chrono Boost)  
  51  4:24  Probe (Chrono Boost)  
  53  4:28  Probe x2 (Chrono Boost), Forge  
  53  4:29  Sentry  
  57  4:34  Pylon  
  57  4:37  Probe  
  58  4:44  Immortal  
  58  4:45  Probe  
  59  4:49  Probe  
  59  4:51  Immortal (Chrono Boost)  
  57  4:57  Probe, Adept x2  
  62  5:00  Assimilator  
  62  5:02  Assimilator  
  62  5:07  Probe  
  63  5:15  Shield Battery  
  63  5:20  Zealot  
  69  5:39  Zealot  
  69  5:41  Probe  
  69  5:42  Probe  
  61  5:50  Immortal (Chrono Boost)  
  61  5:51  Stalker  
  54  5:57  Pylon  
  54  5:59  Stalker  
  41  6:16  Stalker  
  40  6:25  Stalker  
  38  6:36  Probe x2  
  36  6:43  Stalker  
Show
View Real Time Build Order
Export as new Build Order

Astrea Protoss - Winner!

Build Orders: Blink Stalkers 

Get SALT Encoding   

  12  0:00  Probe  
  13  0:12  Probe  
  14  0:17  Pylon  
  14  0:25  Probe (Chrono Boost)  
  16  0:37  Probe (Chrono Boost), Gateway  
  16  0:42  Probe (Chrono Boost)  
  16  0:46  Assimilator  
  17  0:51  Probe  
  17  0:54  Assimilator  
  18  1:03  Probe (Chrono Boost)  
  19  1:09  Gateway  
  19  1:12  Probe (Chrono Boost)  
  19  1:17  Probe (Chrono Boost)  
  20  1:24  Cybernetics Core  
  21  1:29  Probe  
  22  1:34  Pylon  
  22  1:41  Probe  
  23  1:54  Probe  
  24  1:58  Warp Gate (Chrono Boost)  
  24  2:00  Stalker  
  24  2:01  Sentry  
  28  2:06  Probe  
  29  2:10  Pylon  
  29  2:18  Probe  
  32  2:32  Probe  
  31  2:40  Nexus  
  31  2:44  Probe  
  32  2:48  Sentry  
  32  2:50  Sentry  
  36  2:56  Pylon  
  36  2:58  Probe  
  37  3:10  Probe (Chrono Boost)  
  38  3:13  Twilight Council  
  39  3:20  Probe (Chrono Boost)  
  39  3:25  Probe (Chrono Boost)  
  40  3:32  Pylon  
  40  3:36  Probe  
  40  3:39  Stalker x2  
  45  3:42  Blink (Chrono Boost)  
  45  3:48  Probe  
  45  3:54  Probe  
  47  4:01  Probe  
  48  4:03  Stalker  
  48  4:06  Probe  
  51  4:10  Stalker  
  51  4:13  Probe  
  54  4:18  Probe  
  55  4:26  Probe, Stalker  
  55  4:30  Probe  
  59  4:33  Stalker  
  59  4:36  Pylon  
  59  4:38  Probe  
  62  4:39  Shield Battery  
  62  4:44  Probe  
  61  4:50  Probe  
  59  4:56  Probe  
  59  4:57  Stalker x2  
  64  5:02  Probe  
  64  5:04  Shield Battery  
  65  5:08  Probe  
  66  5:14  Probe  
  66  5:20  Probe, Stalker x2  
  72  5:30  Probe  
  71  5:39  Probe  
  59  5:44  Stalker x2  
  59  5:45  Probe  
  56  5:51  Probe  
  56  5:57  Probe  
  56  6:03  Probe  
  54  6:09  Probe  
  54  6:10  Stalker x2  
  59  6:15  Probe  
  58  6:21  Probe  
  53  6:27  Probe  
  48  6:33  Probe  
  48  6:35  Stalker x2  
Tags
 
Add a new tag
Caveats
  • Supply blocks, unpowered buildings, or Contaminate may cause inaccurate times.
  • Supply counts are checked every 10 seconds.